 Dungeon Crawl Stone Soup version 0.27-a0-978-g2aa4ecdaef (webtiles) character file.

Game seed: 3270875024249831914

2695 robertstho the Thaumaturge (level 9, -10/61 HPs)
             Began as a Djinni Fire Elementalist on Apr 14, 2021.
             Was an Initiate of Gozag.
             Mangled by a wyvern (11 damage)
             ... on level 7 of the Dungeon.
             The game lasted 00:11:43 (9400 turns).

robertstho the Thaumaturge (DjFE)                   Turns: 9400, Time: 00:11:44

Health: -10/61     AC:  5    Str:  7    XL:     9   Next: 65%
Gold:   718        EV: 14    Int: 26    God:    Gozag SH:  0 Dex: 14

rFire    + + .     SeeInvis .   o - +0 flail (protect)
rCold    . . .     Faith    .   (no shield)
rNeg     . . .     Spirit   .   a - +0 robe
rPois    ∞         Reflect  .   h - +2 helmet
rElec    .         Harm     .   (no cloak)
rCorr    .         Rampage  .   (no gloves)
Will     .....                  (boots unavailable)
Stlth    +++.......             (no amulet)
HPRegen  0.20/turn              f - +6 ring of intelligence
MPRegen  0.00/turn              k - ring of protection from cold

@: flying
A: fire resistance 2, cold vulnerability 1, float, innate caster, hp casting,
extra vitality 1
a: Renounce Religion, Potion Petition, Call Merchant, Bribe Branch


You were on level 7 of the Dungeon.
You worshipped Gozag.
Gozag was pleased with you.
You visited 1 branch of the dungeon, and saw 7 of its levels.

You collected 747 gold pieces.
You paid 29 gold pieces to Gozag.

Inventory:

Hand Weapons
 c - a +0 short sword
 o - a +0 flail of protection (weapon)
Missiles
 b - 8 silver javelins
Armour
 a - a +0 robe (worn)
 h - a +2 helmet (worn)
Jewellery
 f - a +6 ring of intelligence (left hand)
 k - a ring of protection from cold (right hand)
 m - a ring of fire
Wands
 j - a wand of iceblast (14)
 t - a wand of digging (4)
Scrolls
 g - a scroll of enchant weapon
 i - a scroll of fog
 n - a scroll of fear {unknown}
 s - a scroll of torment {unknown}
 u - a scroll of amnesia
Potions
 l - 2 potions of ambrosia
 p - 2 potions of lignification
 q - a potion of haste {unknown}
 w - a potion of mutation
Miscellaneous
 d - a piece from Xom's chessboard (15/15)


   Skills:
 + Level 3.4 Fighting
 + Level 0.9 Short Blades
 + Level 1.7 Maces & Flails
 + Level 5.3 Dodging
 + Level 5.3 Stealth
 + Level 8.4 Spellcasting
 + Level 0.4 Evocations


You couldn't memorise any spells.
You knew the following spells:

 Your Spells              Type           Power      Damage    Failure   Level
a - Foxfire               Conj/Fire      100%       2x1d9     1%          1
b - Conjure Flame         Conj/Fire      53%        6-21      1%          3
c - Inner Flame           Hex/Fire       53%        N/A       1%          3
d - Sticky Flame          Conj/Fire      53%        2d7       1%          4
e - Fireball              Conj/Fire      26%        3d12      4%          5
f - Sting                 Tmut/Pois      100%       1d8       1%          1
g - Poisonous Vapours     Pois/Air       100%       N/A       1%          2
h - Static Discharge      Conj/Air       53%        N/A       1%          2
i - Cause Fear            Hex            26%        N/A       1%          4
Your spell library was empty.

Dungeon Overview and Level Annotations

Branches:
Dungeon (7/15)             Temple (0/1) D:4

Altars:
Elyvilon
Gozag
Hepliaklqana
Makhleb
Okawaru
Qazlal
Ru
Trog
Xom

Shops:
D:6 *

Annotations:
D:3 3 runed translucent doors, dullest's ghost, amateur GrFi; siradein's ghost, amateur DsCK
D:6 3 runed translucent doors, dickylongcocking's ghost, novice DjFE


Innate Abilities, Weirdness & Mutations

You are immune to poison.
Your flesh is very heat resistant. (rF++)
You are vulnerable to cold. (rC-)
You float through the air rather than walking.
You learn spells naturally, not from books.
Your magical power is your life essence.
You have superior vitality. (+4 HP)


Message History

The orc is no longer distracted by gold.
Casting: Sticky Flame (dangerous; 1% risk of failure)
Confirm with . or Enter, or press ? or * to list all spells.
Aiming: Sting (safe; 1% risk of failure)
Press: ? - help, Shift-Dir - straight line, f - orc
Aim: an orc, wielding a +0 club (22% to evade)
The sting hits the orc.
The orc is poisoned.
The orc is lightly wounded.
* * * LOW HITPOINT WARNING * * *
The orc misses you.
The orc priest becomes distracted by the nearby gold, dreaming of imaginary riches.
The orc warrior becomes distracted by your gold, dreaming of imaginary riches.
The orc hits you with a +0 club.
* * * LOW HITPOINT WARNING * * *
The orc warrior shouts!
You hit the orc.
Your weapon exudes an aura of protection.
The orc is severely wounded.
The orc misses you.
The orc becomes distracted by your gold, dreaming of imaginary riches. x2
The orc shouts!
You hit the orc.
You kill the orc!
You hear an angry hiss.
The orc priest is no longer distracted by gold.
A wyvern comes into view.
The orc warrior is no longer distracted by gold.
An orc wizard comes into view. It is wielding a +0 dagger.
Things that are here:
13 gold pieces; a +0 club The wyvern bites you but does no damage.
The wyvern bites you but does no damage.
The orc is no longer distracted by gold.
The orc priest mumbles some strange prayers to Beogh against you.
Beogh smites you!
* * * LOW HITPOINT WARNING * * *
The wyvern closely misses you. The wyvern bites you!
You die...
Your body crumbles into a pile of gold.

#.#...# #.# #.#...# #§#
#.#...##### #§# ###.##..
..# #§# ...##.# #.# #Z#
#.##.####§####§# .
#....$oooo§§§§§4
....#####.##.####4####§#
.......@lo...# #.# #§#
..#.##..........#.# #.#
$ #..........#.. ...
#..........### #.#
#..........#
#..........#
..##.####### ... .#


You could see a wyvern and an orc wizard.

Vanquished Creatures
  A hellwing (D:7)
  Sigmund (D:6)
  A shadow (D:7)
  Edmund (D:4)
  A water moccasin (D:6)
  Duvessa (D:6)
  An orc warrior (D:6)
  3 ogres
  A black bear (D:4)
  An ice beast (D:6)
  A necrophage (D:4)
  A centaur (D:7)
  A phantom (D:5)
  A bullfrog (D:4)
  4 scorpions
  Dowan (D:6)
  A centaur zombie (D:6)
  5 hounds
  A bullfrog skeleton (D:5)
  An orc priest (D:7)
  A centaur skeleton (D:5)
  3 iguanas
  3 orc wizards
  A scorpion zombie (D:5)
  3 gnolls
  9 adders
  2 shadow imps (D:7)
  An ufetubus (D:4)
  5 worms
  2 dart slugs
  11 orcs
  13 ball pythons
  9 endoplasms
  2 giant cockroaches
  7 hobgoblins
  12 jackals
  3 quokkas
  5 bats
  3 frilled lizards
  9 goblins
  4 kobolds
  11 rats
  A butterfly (D:3)
149 creatures vanquished.

Vanquished Creatures (collateral kills)
  4 foxfires
4 creatures vanquished.

Vanquished Creatures (others)
  A butterfly (D:5)
  344 foxfires
  A plant (D:3)
  13 withered plants
359 creatures vanquished.

Grand Total: 512 creatures vanquished

Notes
Turn   | Place    | Note
-------+----------+-------------------------------------------
     0 | D:1      | robertstho the Djinni Fire Elementalist began the quest for
                  | the Orb.
     0 | D:1      | Reached XP level 1. HP: 15/15 MP: 0/0
   220 | D:1      | Reached skill level 3 in Spellcasting
   285 | D:1      | Reached XP level 2. HP: 19/21 MP: 0/0
   875 | D:1      | Reached XP level 3. HP: 24/25 MP: 0/0
   875 | D:1      | Learned a level 1 spell: Sting
  1373 | D:1      | Found a faded altar of an unknown god.
  2004 | D:2      | Reached XP level 4. HP: 29/31 MP: 0/0
  2092 | D:2      | Found a stormy altar of Qazlal.
  2221 | D:2      | Noticed an ogre
  2226 | D:2      | Killed an ogre
  2227 | D:2      | Reached skill level 4 in Spellcasting
  2227 | D:2      | Reached XP level 5. HP: 31/35 MP: 0/0
  2227 | D:2      | Learned a level 2 spell: Poisonous Vapours
  2569 | D:3      | Found an opulent altar of Gozag.
  2571 | D:3      | Became a worshipper of Gozag Ym Sagoz the Greedy
  2884 | D:3      | Found a shimmering altar of Xom.
  3177 | D:3      | Found a burning altar of Makhleb.
  3503 | D:3      | Found a runed translucent gate.
  3503 | D:3      | Found a runed translucent gate.
  3503 | D:3      | Found a runed translucent gate.
  3506 | D:3      | Noticed siradein's ghost (amateur DsCK)
  3506 | D:3      | Noticed dullest's ghost (amateur GrFi)
  3612 | D:3      | Found a stormy altar of Qazlal.
  3657 | D:3      | Reached XP level 6. HP: 26/40 MP: 0/0
  4120 | D:4      | Noticed Edmund
  4133 | D:4      | Killed Edmund
  4134 | D:4      | Reached skill level 5 in Spellcasting
  4647 | D:4      | Found a bloodstained altar of Trog.
  4794 | D:4      | Reached XP level 7. HP: 45/46 MP: 0/0
  4794 | D:4      | Learned a level 2 spell: Static Discharge
  4971 | D:4      | Reached skill level 1 in Fighting
  5251 | D:4      | Found a staircase to the Ecumenical Temple.
  5347 | D:4      | Found a sacrificial altar of Ru.
  5510 | D:4      | Reached skill level 6 in Spellcasting
  5629 | D:5      | Entered Level 5 of the Dungeon
  5812 | D:5      | Reached XP level 8. HP: 27/52 MP: 0/0
  6579 | D:5      | Found a white marble altar of Elyvilon.
  6997 | D:6      | Noticed Sigmund
  7009 | D:6      | Killed Sigmund
  7103 | D:6      | Reached skill level 7 in Spellcasting
  7601 | D:6      | Found a runed translucent gate.
  7601 | D:6      | Found a runed translucent gate.
  7601 | D:6      | Noticed dickylongcocking's ghost (novice DjFE)
  7645 | D:6      | Found a runed translucent gate.
  7717 | D:6      | Reached skill level 1 in Maces & Flails
  7717 | D:6      | Reached XP level 9. HP: 54/60 MP: 0/0
  7717 | D:6      | Learned a level 4 spell: Cause Fear
  7838 | D:6      | Noticed Dowan
  7839 | D:6      | Noticed Duvessa
  7848 | D:6      | Killed Duvessa
  7852 | D:6      | Killed Dowan
  7853 | D:6      | Reached skill level 5 in Stealth
  8284 | D:6      | Found Giroopt's Mayhem Merchandise.
  8507 | D:6      | Found a hazy altar of Hepliaklqana.
  8507 | D:6      | Found an iron altar of Okawaru.
  8612 | D:6      | Reached skill level 8 in Spellcasting
  8877 | D:7      | Reached skill level 5 in Dodging
  8877 | D:7      | Noticed a hellwing
  8879 | D:7      | Noticed a hellwing
  9387 | D:7      | Killed a hellwing
  9398 | D:7      | HP: 1/61 [orc priest/divine providence (13)]
  9400 | D:7      | Mangled by a wyvern

Illustrated notes

Levels and vault maps discovered:
D:1:      scummos_arrival_simple_crosswalls, layout_loops_ring,
          hellmonk_ecumenical_altar_zigzags
D:2:      layout_basic, basic_altar, minmay_distorted
D:3:      layout_basic, grunt_gozag_breadcrumbs, bloody_makhleb,
          xom_butterflies, nicolae_qazlal_eye_of_the_storm,
          gammafunk_ghost_cemetery, saegor_snake_ambush
D:4:      kennysheep_big_flooded_room, layout_loops_cross, marbit_many_paths,
          nicolae_overflow_hidden_temple, minmay_temple_entry_metal_lava,
          uniq_edmund
D:5:      layout_basic, nicolae_elyvilon_peaceful_grove, minmay_misc_feat_room
D:6:      layout_loops_corners, gammafunk_temple_overflow_elements,
          gammafunk_ghost_nasty_kobolds, nrook_uturn, minmay_shop_mayhem,
          uniq_duvessa, uniq_sigmund
D:7:      cheibrodos_grave_circle, layout_basic

Skill      XL: |  1  2  3  4  5  6  7  8  9 |
---------------+----------------------------+-----
Spellcasting   | 3 4 5 6 7 8 |  8.4
Stealth        | 2 3 4 5 |  5.3
Dodging        | 3 4 5 |  5.3
Fighting       | 1 3 |  3.4
Maces & Flails | 1 |  1.7
Short Blades   | |  0.9
Evocations     | |  0.4

Action                   |  1- 3 |  4- 6 |  7- 9 || total
-------------------------+-------+-------+-------++-------
Melee: Short sword       |     9 |    23 |       ||    32
       Flail             |       |     4 |    27 ||    31
 Cast: Foxfire           |    64 |    68 |    94 ||   226
       Sting             |    13 |    12 |    14 ||    39
       Sticky Flame      |       |     3 |    32 ||    35
       Fireball          |       |       |     7 ||     7
Evoke: Piece from Xom's  |       |       |     2 ||     2
  Use: Scroll            |       |     5 |     7 ||    12
       Potion            |       |       |     1 ||     1
 Stab: Sleeping          |     1 |     5 |     2 ||     8
Armor: Robe              |    10 |    19 |    37 ||    66
Dodge: Dodged            |    30 |    40 |    81 ||   151

Table legend: (Time is in decaauts)
 A = Elapsed time spent in this place.
 B = Non-inter-level travel time spent in this place.
 C = Inter-level travel time spent in this place.
 D = Time resting spent in this place.
 E = Time spent auto-exploring this place.
 F = Levels seen in this place.
 G = Mean time per level.
                   A        B        C        D        E       F      G
               +--------+--------+--------+--------+--------+-----+--------+
         Total |   9414 |   9145 |    269 |   1322 |   6664 |   7 | 1344.9 |
       Dungeon |   9414 |   9145 |    269 |   1322 |   6664 |   7 | 1344.9 |
               +--------+--------+--------+--------+--------+-----+--------+

Top non-repeatable levels by time:
     D:6: 2197 daAuts
     D:4: 1547 daAuts
     D:3: 1545 daAuts
     D:1: 1443 daAuts
     D:5: 1345 daAuts
     D:2: 1095 daAuts
     D:7: 239 daAuts
